 Dungeon Crawl Stone Soup version 0.29.1-2-gbd0b4ee654 (webtiles) character file.

Game seed: 10667247073474402105

18 tevo3000 the Shield-Bearer (level 2, -2/26 HPs)
             Began as a Minotaur Fighter on Nov 28, 2022.
             Frozen to death by an endoplasm (4 damage)
             ... on level 1 of the Dungeon.
             The game lasted 00:01:10 (372 turns).

tevo3000 the Shield-Bearer (Minotaur Fighter)        Turns: 372, Time: 00:01:12

Health: -2/26      AC:  7    Str: 20    XL:     2   Next: 51%
Magic:  1/1        EV:  9    Int:  5    God:
Gold:   25         SH:  4    Dex:  9    Spells: 1/1 levels left

rFire   . . .      SeeInvis .   a - +0 war axe
rCold   . . .      Faith    .   c - +0 buckler
rNeg    . . .      Spirit   .   b - +0 scale mail
rPois   .          Reflect  .   (helmet restricted)
rElec   .          Harm     .   (no cloak)
rCorr   .          Rampage  .   (no gloves)
Will    .....                   (no boots)
Stlth   ..........              (no amulet)
HPRegen 0.08/turn               (no ring)
MPRegen 0.07/turn               (no ring)

@: no status effects
A: horns 2, retaliatory headbutt
a: no special abilities


You were on level 1 of the Dungeon.
You visited 1 branch of the dungeon, and saw 1 of its levels.

You collected 25 gold pieces.

Inventory:

Hand Weapons
 a - a +0 war axe (weapon)
Armour
 b - a +0 scale mail (worn)
 c - a +0 buckler (worn)
Scrolls
 e - a scroll of silence {unknown}
Potions
 d - a potion of might


   Skills:
 - Level 3.6 Fighting
 * Level 3.2 Axes
 + Level 3.9 Armour
 + Level 3.9 Shields


You had one spell level left.
You didn't know any spells.
Your spell library contained the following spells:

 Spells                   Type           Power      Damage    Failure   Level
 Magic Dart               Conj           0%         1d3       89%         1
 Call Imp                 Summ           0%         N/A       96%         2
 Mephitic Cloud           Conj/Pois/Air  0%         N/A       99%         3


Dungeon Overview and Level Annotations

Branches:
Dungeon (1/15)

Altars:


Innate Abilities, Weirdness & Mutations

You have a pair of horns on your head.
You reflexively headbutt those who attack you in melee.


Message History

You headbutt the jackal.
The endoplasm hits you but does no damage.
You slash the jackal!
You kill the jackal!
You hit the endoplasm.
You kill the endoplasm!
A jackal comes into view.
The hobgoblin barely misses you. You furiously retaliate!
You headbutt the hobgoblin!
You kill the hobgoblin!
An endoplasm comes into view.
The frilled lizard bites you but does no damage.
You closely miss the frilled lizard. You closely miss the jackal.
The jackal bites you but does no damage.
The frilled lizard barely misses you. You furiously retaliate!
You headbutt the frilled lizard.
You kill the frilled lizard!
The jackal barely misses you. You furiously retaliate!
You headbutt the jackal!
You kill the jackal!
You see here 10 gold pieces.
You now have 25 gold pieces (gained 10).
The endoplasm hits you.
You see here a jackal corpse.
You barely miss the endoplasm. The endoplasm freezes you.
You are frozen.
The endoplasm hits you but does no damage.
You hit the endoplasm.
The endoplasm is almost dead.
The endoplasm freezes you.
You are frozen.
* * * LOW HITPOINT WARNING * * *
You barely miss the endoplasm. You headbutt the endoplasm.
The endoplasm is almost dead.
The endoplasm freezes you.
You are frozen.
* * * LOW HITPOINT WARNING * * *
The endoplasm freezes you.
You are frozen.
You die...

.... +.....!... #....
#......... .....
#........ .....##......#
.................#
.................#
...........J....# . #..
#..@....# ..
#.#####......##.. ..##
#.................
....#+###......######....
.......##.......... ..#
.......##........... .#
.....................
............)........
.....................


You could see an endoplasm.

Vanquished Creatures
  2 bats (D:1)
  3 endoplasms (D:1)
  3 hobgoblins (D:1)
  2 jackals (D:1)
  A ball python (D:1)
  A frilled lizard (D:1)
  2 goblins (D:1)
  3 rats (D:1)
17 creatures vanquished.

Notes
Turn   | Place    | Note
-------+----------+-------------------------------------------
     0 | D:1      | tevo3000 the Minotaur Fighter began the quest for the Orb.
     0 | D:1      | Reached XP level 1. HP: 19/19 MP: 0/0
   239 | D:1      | Reached XP level 2. HP: 18/26 MP: 1/1
   372 | D:1      | Frozen to death by an endoplasm

Illustrated notes

Levels and vault maps discovered:
D:1:      dpeg_arrival_subterranean_lakeside_camping, layout_basic, minivault_19

Skill      XL: |  1 |
---------------+----+-----
Axes           | 3 |  3.2
Fighting       | |  3.6
Armour         | |  3.9
Shields        | |  3.9

Action                   || total
-------------------------++-------
Melee: War axe           ||    22
       Headbutt          ||     3
Armor: Scale mail        ||    21
Dodge: Dodged            ||    16
Block: Buckler           ||     5
